 Dungeon Crawl Stone Soup version 0.31-a0-609-g7bf6ffcfed (webtiles) character file.

Game seed: 2440240290756992044

145 NinjaNoafa the Ruffian (level 5, -7/54 HPs)
             Began as a Gnoll Shapeshifter on Aug 21, 2023.
             Killed by divine providence
             ... invoked by an orc priest
              (12 damage)
             ... on level 3 of the Dungeon.
             The game lasted 00:06:46 (2009 turns).

NinjaNoafa the Ruffian (Gnoll Shapeshifter)         Turns: 2009, Time: 00:06:47

Health: -7/54      AC: 22    Str: 14    XL:     5   Next: 27%
Magic:  7/7        EV:  2    Int: 10    God:
Gold:   162        SH:  0    Dex: 12    Spells: 6/6 levels left

rFire   . .          .
                       - Unarmed
rCold   . . .        (no shield)
rNeg    . . .        v - melded +0 robe
rPois   +            (helmet currently unavailable)
rElec   .            (cloak currently unavailable)
rCorr   .            (gloves currently unavailable)
SInv    .            (boots currently unavailable)
Will    .....        (no amulet)
Stlth   ++           (no ring)
HPRegen 0.29/turn    (no ring)
MPRegen 0.10/turn

%: clarity
@: tree-form
A: stationary, stasis, torment immunity, boosted hp, (fangs 1), strong nose,
distributed training, clarity, frail 1
a: no special abilities


You were on level 3 of the Dungeon.
You were a tree.
You visited 1 branch of the dungeon, and saw 4 of its levels.

You collected 162 gold pieces.

Inventory:

Hand Weapons
 w - a +0 dagger
Missiles
 j - 3 poisoned darts
 p - 5 boomerangs
 s - a throwing net
 x - 4 silver javelins
Armour
 v - a +0 robe (melded)
Talismans
 c - a beast talisman
 d - a flux talisman
Wands
 a - a wand of flame (22)
Scrolls
 e - 4 scrolls of teleportation
 h - a scroll of vulnerability {unknown}
 k - 2 scrolls of torment {unknown}
 m - a scroll of fear {unknown}
 n - 2 scrolls of revelation {unknown}
 o - a scroll of enchant armour {unknown}
 t - a scroll of noise {unknown}
 u - 3 scrolls of identify {unknown}
Potions
 b - a potion of lignification
 f - a potion of haste {unknown}
 i - 2 potions of cancellation {unknown}
 l - a potion of heal wounds {unknown}
 q - a potion of curing {unknown}
 r - 2 potions of mutation


   Skills:
 + Level 3.0 Fighting
 + Level 1.4 Short Blades
 + Level 1.4 Long Blades
 + Level 1.4 Axes
 + Level 1.4 Maces & Flails
 + Level 1.4 Polearms
 + Level 1.4 Staves
 + Level 1.4 Ranged Weapons
 + Level 1.4 Throwing
 + Level 1.4 Armour
 + Level 4.8 Dodging
 + Level 1.4 Stealth
 + Level 1.4 Shields
 + Level 6.7 Unarmed Combat
 + Level 1.4 Spellcasting
 + Level 1.1 Conjurations
 + Level 1.1 Hexes
 + Level 1.1 Summonings
 + Level 1.1 Necromancy
 + Level 1.1 Translocations
 + Level 1.1 Transmutations
 + Level 1.1 Fire Magic
 + Level 1.1 Ice Magic
 + Level 1.1 Air Magic
 + Level 1.1 Earth Magic
 + Level 1.1 Poison Magic
 + Level 1.6 Invocations
 + Level 1.4 Evocations
 + Level 6.6 Shapeshifting


You had 6 spell levels left.
You didn't know any spells.
Your spell library contained the following spells:

 Spells                   Type           Power      Damage    Failure   Level
 Freeze                   Ice            12%        1d3       21%         1
 Frozen Ramparts          Ice            6%         1d1       52%         3
 Hailstorm                Conj/Ice       3%         3d3       52%         3
 Ozocubu's Armour         Ice            3%         N/A       52%         3
 Stone Arrow              Conj/Erth      6%         3d7       52%         3
 Volatile Blastmotes      Fire/Tloc      6%         2d10      52%         3
 Animate Armour           Summ/Erth      6%         N/A       90%         4
 Fulminant Prism          Conj/Hex       1%         3d5       90%         4
 Iskenderun's Mystic Bla  Conj/Tloc      3%         2d3       90%         4
 Metabolic Englaciation   Hex/Ice        1%         N/A       99%         5
 Simulacrum               Ice/Necr       1%         N/A       100%        6
 Haunt                    Necr/Summ      1%         N/A       100%        7
 Borgnjor's Revivificati  Necr           1%         N/A       100%        8
 Lehudib's Crystal Spear  Conj/Erth      1%         10d2      100%        8
 Death's Door             Necr           1%         N/A       100%        9


Dungeon Overview and Level Annotations

Branches:
Dungeon (4/15) Zot: 22000
 Temple: D:4-7

Altars:
Nemelex Xobeh

Shops:
D:3 [


Innate Abilities, Weirdness & Mutations

You are a tree.
Your roots penetrate the ground, keeping you stationary.
You cannot be teleported.
You are immune to unholy pain and torment.
Your maximum health is greatly increased.
Your equipment is partially melded.
((You have very sharp teeth.))
Your uncanny sense of smell can sniff out nearby items.
Your experience applies equally to all skills.
You possess an exceptional clarity of mind.
You are frail. (-10% HP)


Message History

You hit the orc.
The orc glows dangerously bright.
You hit the orc but do no damage.
The orc shudders as magic cascades through it!
You kill the orc!
You hit the orc priest.
The orc priest begins to glow.
The orc priest hits you with a +0 dagger.
You take 3 damage, and have 27/41 hp.
You barely miss the orc priest. The orc wizard misses you.
The orc priest hits you but does no damage.
You punch the orc priest!
The orc priest glows dangerously bright.
The orc wizard closely misses you.
The orc priest hits you with a +0 dagger.
You take 4 damage, and have 23/41 hp.
The orc wizard attacks as it pursues you!
The orc wizard closely misses you.
The orc priest calls down the wrath of Beogh upon you.
Beogh smites you!
* * * LOW HITPOINT WARNING * * *
You take 14 damage, and have 9/41 hp.
MASSIVE DAMAGE!!
Your transformation has ended.
You turn into a tree.
Your +0 robe melds into your body.
Your roots penetrate the ground.
The orc wizard gestures at you while chanting.
The magic dart hits you but does no damage.
You now have 15/61 hp.
You hit the orc wizard but do no damage.
The orc wizard hits you with a +0 dagger.
* * * LOW HITPOINT WARNING * * *
The orc priest invokes the aid of Beogh against you.
Beogh smites you!
* * * LOW HITPOINT WARNING * * *
You take 10 damage, and have 5/61 hp.
It was a potion of mutation.
You feel extremely strange.
You feel frail.
Your thoughts seem clearer.
It was a potion of magic.
Magic courses through your body.
The orc wizard hits you but does no damage.
The orc priest invokes the aid of Beogh against you.
Beogh smites you!
You die...

##..####......##.#....
#....##......##.#o...
#.##.##......##†##...
#.........[..##......
####.###......####.## #.#
#.#.##.# #.# #.# #.#.##.#
#.# ########## #>###...##.#
#.# .##......# #♣#........#
#.# .##.####.# #ooo...###.#
#{# .##.####.#
#.o........####o#
.......#.#
#.......##oo..o.#
.##.##.#.#
#.....#.##.######
[##.##.#.##### #..........#
.##..[.......#########.####
######.......... #...# #
###.#.#.### #...#


You could see 2 orc priests, an orc wizard and an orc.

Vanquished Creatures
  A hound (D:4)
  Jessica (D:3)
  A gnoll (D:2)
  3 adders
  4 dart slugs
  2 orcs (D:3)
  3 endoplasms
  3 giant cockroaches
  2 goblins
  3 hobgoblins (D:1)
  3 quokkas
  6 ball pythons
  4 bats
  A frilled lizard (D:2)
  4 kobolds
  2 rats
43 creatures vanquished.

Notes
Turn   | Place    | Note
-------+----------+-------------------------------------------
     0 | D:1      | NinjaNoafa the Gnoll Shapeshifter began the quest for the
                  | Orb.
     0 | D:1      | Reached XP level 1. HP: 17/17 MP: 1/1
   124 | D:1      | Reached XP level 2. HP: 8/23 MP: 2/2
   518 | D:2      | Reached XP level 3. HP: 28/28 MP: 3/3
   878 | D:2      | Reached skill level 1 in Invocations
  1107 | D:3      | Found Qiofych's Antique Armour Boutique.
  1154 | D:3      | Reached skill level 1 in Short Blades
  1154 | D:3      | Reached skill level 1 in Long Blades
  1154 | D:3      | Reached skill level 1 in Axes
  1154 | D:3      | Reached skill level 1 in Maces & Flails
  1154 | D:3      | Reached skill level 1 in Polearms
  1154 | D:3      | Reached skill level 1 in Staves
  1154 | D:3      | Reached skill level 1 in Ranged Weapons
  1154 | D:3      | Reached skill level 1 in Throwing
  1154 | D:3      | Reached skill level 1 in Armour
  1154 | D:3      | Reached skill level 1 in Stealth
  1154 | D:3      | Reached skill level 1 in Shields
  1154 | D:3      | Reached skill level 1 in Spellcasting
  1154 | D:3      | Reached skill level 1 in Evocations
  1197 | D:3      | Reached XP level 4. HP: 34/34 MP: 5/5
  1412 | D:3      | Found a sparkling altar of Nemelex Xobeh.
  1525 | D:3      | Noticed Jessica
  1532 | D:3      | Killed Jessica
  1533 | D:3      | Reached skill level 1 in Conjurations
  1533 | D:3      | Reached skill level 1 in Hexes
  1533 | D:3      | Reached skill level 1 in Summonings
  1533 | D:3      | Reached skill level 1 in Necromancy
  1533 | D:3      | Reached skill level 1 in Translocations
  1533 | D:3      | Reached skill level 1 in Transmutations
  1533 | D:3      | Reached skill level 1 in Fire Magic
  1533 | D:3      | Reached skill level 1 in Ice Magic
  1533 | D:3      | Reached skill level 1 in Air Magic
  1533 | D:3      | Reached skill level 1 in Earth Magic
  1533 | D:3      | Reached skill level 1 in Poison Magic
  1883 | D:4      | Reached XP level 5. HP: 39/40 MP: 5/7
  2008 | D:3      | Gained mutation: You are frail. (-10% HP) [potion of
                  | mutation]
  2008 | D:3      | Gained mutation: You possess an exceptional clarity of
                  | mind. [potion of mutation]
  2009 | D:3      | Killed from afar by an orc priest

Illustrated notes

Levels and vault maps discovered:
D:1:      scummos_arrival_simple_crosswalls, layout_basic, serial_forest,
          infiniplex_forest_clump_tiny, infiniplex_forest_clump_curved,
          infiniplex_forest_straight_1, infiniplex_forest_corner_1,
          infiniplex_forest_zigzag_1
D:2:      layout_rooms
D:3:      layout_loops_cross, mainiacjoe_overflow_paths, serial_shops,
          nicolae_shop_real_fake_doors, uniq_jessica
D:4:      minmay_chambers_of_threes, layout_basic,
          pdpol_wu_jian_five_deadly_venoms, serial_glass, glass_columns_a,
          glass_columns_c, glass_columns_c, glass_columns_c

Skill      XL: |  1  2  3  4  5 |
---------------+----------------+-----
Invocations    | 1 |  1.6
Short Blades   | 1 |  1.4
Long Blades    | 1 |  1.4
Axes           | 1 |  1.4
Maces & Flails | 1 |  1.4
Polearms       | 1 |  1.4
Staves         | 1 |  1.4
Ranged Weapons | 1 |  1.4
Throwing       | 1 |  1.4
Armour         | 1 |  1.4
Stealth        | 1 |  1.4
Shields        | 1 |  1.4
Spellcasting   | 1 |  1.4
Evocations     | 1 |  1.4
Conjurations   | 1 |  1.1
Hexes          | 1 |  1.1
Summonings     | 1 |  1.1
Necromancy     | 1 |  1.1
Translocations | 1 |  1.1
Transmutations | 1 |  1.1
Fire Magic     | 1 |  1.1
Ice Magic      | 1 |  1.1
Air Magic      | 1 |  1.1
Earth Magic    | 1 |  1.1
Poison Magic   | 1 |  1.1
Fighting       | 3 |  3.0
Dodging        | |  4.8
Unarmed Combat | |  6.7
Shapeshifting  | |  6.6

Action                     |  1- 3 |  4- 6 || total
---------------------------+-------+-------++-------
  Melee: Unarmed           |    55 |    38 ||    93
         Bite              |     2 |     1 ||     3
         Punch             |     1 |       ||     1
    Use: Scroll            |       |     1 ||     1
         Potion            |       |     3 ||     3
   Stab: Sleeping          |     4 |       ||     4
 Armour: Animal skin       |     4 |     2 ||     6
         Robe              |       |     4 ||     4
         Skin              |       |     2 ||     2
  Dodge: Dodged            |    28 |    27 ||    55
   Form: Flux              |       |     1 ||     1

Table legend: (Time is in decaauts)
 A = Elapsed time spent in this place.
 B = Non-inter-level travel time spent in this place.
 C = Inter-level travel time spent in this place.
 D = Time resting spent in this place.
 E = Time spent auto-exploring this place.
 F = Levels seen in this place.
 G = Mean time per level.
                   A        B        C        D        E       F      G
               +--------+--------+--------+--------+--------+-----+--------+
         Total |   1998 |   1904 |     94 |    249 |    967 |   4 |  499.5 |
       Dungeon |   1998 |   1904 |     94 |    249 |    967 |   4 |  499.5 |
               +--------+--------+--------+--------+--------+-----+--------+

Top non-repeatable levels by time:
     D:3: 666 daAuts
     D:2: 645 daAuts
     D:1: 512 daAuts
     D:4: 174 daAuts
